 Seeded DCSS version 0.29-a0-222-g5b244fca1f (webtiles) character file.

Game seed: 13591998346360536447 (custom seed)

5765 mcwallace the Blocker (level 11, -3/83 (86) HPs)
             Began as a Formicid Fighter on Feb 28, 2022.
             Was a Believer of the Shining One.
             Killed from afar by an acid dragon (6 damage)
             ... with a splash of acid
             ... on level 8 of the Dungeon.
             The game lasted 00:22:16 (11501 turns).

mcwallace the Blocker (Formicid Fighter)           Turns: 11501, Time: 00:22:16

HP:   -3/83 (86)    AC:  3    Str: 19    XL:     11   Next: 6%
MP:   29/29         EV:  7    Int:  8    God:    the Shining One [**....]
Gold: 314           SH:  6    Dex: 15    Spells: 22/22 levels left

rFire   . . .      SeeInvis +   b - +5 flail of the Crawling Thing {speed, rPois, mace}
rCold   . . .      Faith    .   c - +0 buckler
rNeg    + + .      Spirit   .   u - +0 steam dragon scales
rPois   +          Reflect  .   (helmet unavailable)
rElec   .          Harm     .   E - +2 ratskin cloak {*Rats rPois rN+ Str-1 Int-1 Dex+1}
rCorr   +          Rampage  .   (no gloves)
Will    +....                   V - +0 pair of boots
Stlth   +.........              (no amulet)
HPRegen 0.23/turn               p - ring of magical power
MPRegen 0.21/turn               q - ring of resist corrosion

@: petrifying, corroded, glowing, lightly drained, very slow
A: permanent stasis, dig shafts and tunnels, antennae 3, four strong arms
a: Dig, Shaft Self, Renounce Religion, Divine Shield


You were on level 8 of the Dungeon.
You worshipped the Shining One.
The Shining One was pleased with you.
You visited 1 branch of the dungeon, and saw 8 of its levels.

You collected 364 gold pieces.
You spent 50 gold pieces at shops.


Innate Abilities, Weirdness & Mutations

You cannot be hasted, slowed, berserked, paralysed or teleported.
You can dig through walls and to a lower floor.
You have a pair of large antennae on your head. (SInv)
Your four strong arms can wield two-handed weapons with a shield.


   Skills:
 + Level 7.9 Fighting
 - Level 2.0 Axes
 + Level 7.9 Armour
 + Level 5.9 Dodging
 + Level 8.7 Shields
 + Level 6.4 Spellcasting
 + Level 6.9 Invocations


You had 22 spell levels left.
You didn't know any spells.
Your spell library contained the following spells:

 Spells                   Type           Power      Damage    Failure   Level
 Ensorcelled Hibernation  Hex/Ice        4%         N/A       36%         2
 Static Discharge         Conj/Air       2%         N/A       36%         2
 Conjure Flame            Conj/Fire      2%         6-21      61%         3
 Ignite Poison            Fire/Tmut/Pois 2%         N/A       61%         3
 Spider Form              Tmut/Pois      2%         N/A       61%         3
 Anguish                  Hex/Necr       1%         N/A       95%         4
 Animate Armour           Summ/Erth      4%         N/A       95%         4
 Dispel Undead            Necr           2%         3d7       95%         4
 Sticky Flame             Conj/Fire      2%         2d3       95%         4
 Blade Hands              Tmut           1%         N/A       100%        5
 Manifold Assault         Tloc           2%         N/A       100%        5
 Iron Shot                Conj/Erth      1%         9d1       100%        6
 Storm Form               Tmut/Air       1%         N/A       100%        7
 Blink                    Tloc           Unusable   N/A       N/A         2

Inventory:

Hand Weapons
 a - a +4 great sword {long}
   (You took it off a wight on level 7 of the Dungeon)
 b - the +5 flail of the Crawling Thing (weapon) {speed, rPois, mace}
   (You took it off a kobold on level 7 of the Dungeon)

   Attacks with this weapon are significantly faster.
   rPois:     It protects you from poison.
 W - a +4 quarterstaff {staff}
   (You took it off Blork the orc on level 4 of the Dungeon)
Missiles
 e - 322 stones {throwing}
 g - 12 boomerangs {throwing}
 i - 29 poisoned darts {throwing}
 H - 4 curare-tipped darts (quivered) {=fthrowing}
Armour
 c - a +0 buckler (worn)
 d - a +0 troll leather armour {Pargi}
   (You found it on level 3 of the Dungeon)
 u - +0 steam dragon scales (worn)
   (You found it on level 6 of the Dungeon)
 E - the +2 ratskin cloak (worn) {*Rats rPois rN+ Str-1 Int-1 Dex+1}
   (You found it on level 3 of the Dungeon)

   When the wearer is hurt, rats may emerge from it to assist them.
   Str:       It affects your strength (-1).
   Int:       It affects your intelligence (-1).
   Dex:       It affects your dexterity (+1).
   rPois:     It protects you from poison.
   rN:        It protects you from negative energy.
 R - a +0 scale mail
   (You took it off an orc on level 4 of the Dungeon)
 S - a +0 leather armour
   (You found it on level 4 of the Dungeon)
 V - a +0 pair of boots (worn)
   (You found it on level 8 of the Dungeon)
 X - a +0 robe
   (You took it off Blork the orc on level 4 of the Dungeon)
 Z - a +0 ring mail
   (You found it on level 5 of the Dungeon)
Jewellery
 k - a ring of wizardry
   (You took it off an orc on level 5 of the Dungeon)
 n - a ring of magical power
   (You found it on level 6 of the Dungeon)
 p - a ring of magical power (left hand)
   (You found it on level 2 of the Dungeon)
 q - a ring of resist corrosion (right hand)
   (You found it on level 2 of the Dungeon)
 y - a ring of ice
   (You found it on level 2 of the Dungeon)
 G - a ring of fire
   (You found it on level 3 of the Dungeon)
 P - a ring of fire
   (You took it off a centaur on level 4 of the Dungeon)
 Y - a ring of fire
   (You found it on level 4 of the Dungeon)
Wands
 l - a wand of paralysis (6)
   (You took it off Ijyb on level 5 of the Dungeon)
 s - a wand of acid (6)
   (You found it on level 8 of the Dungeon)
 I - a wand of digging (5)
   (You found it on level 8 of the Dungeon)
 L - a wand of polymorph (7)
   (You found it on level 4 of the Dungeon)
Scrolls
 m - a scroll of summoning {unknown}
 o - 3 scrolls of fear {unknown}
 r - a scroll of magic mapping {unknown}
 v - 7 scrolls of identify {unknown}
 w - 7 scrolls of teleportation {@r4}
 x - 2 scrolls of enchant weapon
 B - a scroll of silence {unknown}
 F - a scroll of holy word {unknown}
 K - 2 scrolls of torment {unknown}
 M - a scroll of acquirement {unknown}
 U - a scroll of fog {unknown}
Potions
 f - 8 potions of curing {unknown}
 h - a potion of attraction {unknown}
 j - 5 potions of haste {unknown}
 t - 2 potions of lignification {unknown}
 z - 2 potions of brilliance
 A - a potion of cancellation {unknown}
 C - 2 potions of invisibility {unknown}
 D - a potion of flight {unknown}
 J - 2 potions of berserk rage {unknown}
 N - a potion of magic {unknown}
 Q - a potion of mutation {unknown}
 T - a potion of degeneration {unknown}

Dungeon Overview and Level Annotations

Branches:
Dungeon (8/15)             Temple (0/1) D:6
   Lair: D:8-11

Altars:
Gozag
Hepliaklqana
Okawaru
Qazlal
Sif Muna
Trog
Wu Jian
The Shining One

Shops:
D:4

!
โ‰ˆ.#.##.......##..........####....
..#..............................
##...............................
####..........######..........##
##.........# #..........#
##.......## #.....#....#
########### ############ #
#(rDD########## #.#.###@..รท.....##
#.##....l....###....##
............## ####..#### #
........##.### #.##...###
.....##.#### #######... { ....# ##.
#.### .(#. # ### .## ########
######### #######


You could see a basilisk, 2 acid dragons and a friendly river rat.


Message History

The acid dragon claws you but does no damage.
The acid dragon barely misses you.
You block the acid dragon's attack. ๐Ÿ˜ฎ HP[+1]
Aiming: Paralyse
Press: ? - help, Q - select action, (/) - cycle Shift-Dir - straight line, f/p - acid dragon
Aim: an acid dragon (haloed, chance to affect: 49%)
The acid dragon resists with some effort.
A basilisk comes into view.
The acid dragon spits acid at you. The splash of acid hits you! You resist.
The acid corrodes you! The acid dragon bites you.
* * * LOW HITPOINT WARNING * * *
The acid dragon claws you.
* * * LOW HITPOINT WARNING * * *
๐Ÿ˜จ HP[-23]
You take 23 damage, and now have 41/86 hp.
MASSIVE DAMAGE!! (PAUSE)
Aiming: Paralyse
Press: ? - help, Q - select action, (/) - cycle Shift-Dir - straight line, f/p - acid dragon
Aim: an acid dragon (catching its breath, haloed, chance to affect: 49%)
The acid dragon resists with some effort.
The basilisk hisses angrily.
The acid dragon misses you. The acid dragon completely misses you.
The acid dragon closely misses you. The acid dragon misses you.
Aiming: Paralyse
Press: ? - help, Q - select action, (/) - cycle Shift-Dir - straight line, f/p - acid dragon
Aim: an acid dragon (haloed, chance to affect: 49%)
The acid dragon resists with some effort.
The acid dragon bites you!
* * * LOW HITPOINT WARNING * * *
The acid dragon claws you but does no damage.
The acid dragon barely misses you.
The acid dragon closely misses you. ๐Ÿ˜จ HP[-11]
You take 11 damage, and now have 30/86 hp.
Aiming: Paralyse
Press: ? - help, Q - select action, (/) - cycle Shift-Dir - straight line, f/p - acid dragon
Aim: an acid dragon (haloed, chance to affect: 49%)
The acid dragon resists with some effort.
The acid dragon spits acid at you. The splash of acid hits you! You resist.
* * * LOW HITPOINT WARNING * * *
A river rat scurries out from under your cloak.
The acid dragon spits acid at you. The splash of acid hits you! You resist.
* * * LOW HITPOINT WARNING * * *
The acid corrodes you! ๐Ÿ˜ฑ HP[-22]
You take 22 damage, and now have 8/86 hp.
MASSIVE DAMAGE!! (PAUSE)
You feel much better. The acid dragon bites you.
* * * LOW HITPOINT WARNING * * *
The acid dragon claws you.
* * * LOW HITPOINT WARNING * * *
The acid dragon bites you.
* * * LOW HITPOINT WARNING * * *
A river rat scurries out from under your cloak.
You block the acid dragon's attack.
Your river rat misses the acid dragon. ๐Ÿ˜ฑ HP[+10]
You regained 10 hp, and now have 18/86 hp.
Aiming: Paralyse
Press: ? - help, Q - select action, (/) - cycle Shift-Dir - straight line, f/p - acid dragon
Aim: an acid dragon (catching its breath, ally target, haloed, chance to affect: 49%)
The acid dragon resists with some effort.
The basilisk gazes at you.
Your river rat is moving more slowly.
The acid dragon bites you.
* * * LOW HITPOINT WARNING * * *
The acid dragon claws you.
* * * LOW HITPOINT WARNING * * *
The acid dragon barely misses you. The acid dragon closely misses you.
Your river rat closely misses the acid dragon.
Your river rat bites the basilisk. ๐Ÿ˜ฑ HP[-4]
You take 4 damage, and now have 14/86 hp.
Okay, then.
Okay, then.
You barely miss the acid dragon. The basilisk bites your river rat!!
Your river rat dies!
The acid dragon spits acid at you. The splash of acid hits you! You resist.
* * * LOW HITPOINT WARNING * * *
You block the acid dragon's attack. The acid dragon closely misses you.
Your river rat bites the acid dragon! ๐Ÿ˜ฑ HP[-12]
You take 12 damage, and now have 2/86 hp.
You extend your mandibles.
You dig through the rock wall.
You feel drained.
You now have 83 max hp (-3).
You retract your mandibles.
Your river rat bites the acid dragon. ๐Ÿ˜ฑ HP[+1]
The basilisk gazes at you.
You are slowing down.
Are you sure you want to shaft yourself?
You block the acid dragon's attack.
The acid dragon claws you but does no damage.
Your river rat bites the acid dragon.
The acid dragon spits acid at you. The splash of acid hits you! You resist.
You die...

Skill      XL: |  1  2  3  4  5  6  7  8  9 10 |
---------------+-------------------------------+-----
Spellcasting   | 1 2 3 4 5 6 |  6.4
Shields        | 4 5 6 7 8 |  8.7
Dodging        | 1 2 3 4 5 |  5.9
Fighting       | 4 5 6 7 |  7.9
Armour         | 4 5 6 7 |  7.9
Invocations    | 2 3 5 6 |  6.9
Axes           | |  2.0

Action                   |  1- 3 |  4- 6 |  7- 9 | 10-12 || total
-------------------------+-------+-------+-------+-------++-------
Melee: War axe           |   113 |   142 |    26 |       ||   281
       Quarterstaff      |       |       |   147 |       ||   147
       Flail             |       |       |    33 |   244 ||   277
Throw: Dart              |     1 |     7 |     2 |     3 ||    13
 Abil: Dig               |       |       |       |     1 ||     1
       Shaft Self        |       |       |       |     1 ||     1
Evoke: Wand              |       |       |       |     7 ||     7
  Use: Scroll            |       |     1 |     1 |       ||     2
       Potion            |       |     1 |       |     1 ||     2
Armor: Scale mail        |    56 |    73 |    57 |       ||   186
       Steam dragon scal |       |       |    19 |    61 ||    80
Dodge: Dodged            |    49 |    73 |   124 |   164 ||   410
Block: Buckler           |    23 |    47 |    68 |    85 ||   223

Levels and vault maps discovered:
D:1:      wander_arrival_fairy_ring, layout_basic, chequers_serial_rivers_room_a
D:2:      layout_loops_corners, basic_altar, minmay_hexomino_c4
D:3:      layout_rooms, nicolae_tso_carved_into_rock,
          hellmonk_ecumenical_altar_leap_of_faith,
          chequers_serial_rivers_micro_e, minmay_increasing_density, uniq_pargi,
          uniq_natasha
D:4:      layout_rooms, beargit_hepliaklqana_dungeon_heroes, serial_shops, shop,
          nrook_uturn, corner_web_ring
D:5:      layout_loops_cross, lemuel_crystal_altar, okawaru_gym_becter,
          mainiacjoe_overflow_divided_tiny, uniq_ijyb, uniq_grinder
D:6:      layout_basic, minmay_temple_entry_sparse_star
D:7:      layout_cave_pods, nicolae_wu_jian_glorious_leap, minmay_fountain_box
D:8:      layout_layer_cave, mainiacjoe_overflow_paths, erik_lair_dragon,
          uniq_grum

Notes
Turn   | Place    | Note
-------+----------+-------------------------------------------
     0 | D:1      | mcwallace the Formicid Fighter began the quest for the Orb.
     0 | D:1      | Reached XP level 1. HP: 18/18 MP: 1/1
     0 | D:1      | magus.rc [v1.9.6]
   191 | D:1      | Reached XP level 2. HP: 20/24 MP: 2/2
   218 | D:1      | You pick up a book of Touch and begin reading...
   218 | D:1      | You add the spells Static Discharge, Sticky Flame and
                  | Dispel Undead to your library.
   571 | D:1      | Reached XP level 3. HP: 28/29 MP: 4/4
   665 | D:1      | Reached skill level 1 in Spellcasting
  1012 | D:2      | Reached skill level 4 in Shields
  1154 | D:2      | Found an ornate altar of the Wu Jian Council.
  1229 | D:2      | Reached skill level 1 in Dodging
  1389 | D:2      | Reached XP level 4. HP: 37/37 MP: 5/5
  1611 | D:2      | You add the spells Conjure Flame and Ignite Poison to your
                  | library.
  1843 | D:2      | Reached skill level 4 in Fighting
  1843 | D:2      | Reached XP level 5. HP: 29/42 MP: 7/7
  2021 | D:2      | Reached skill level 4 in Armour
  2334 | D:3      | Noticed Pargi
  2642 | D:3      | Found a faded altar of an unknown god.
  2658 | D:3      | Identified the +2 helmet of Lugonu's Felicitations {Regen+
                  | rCorr Str+4}
  2685 | D:3      | Found a glowing golden altar of the Shining One.
  2695 | D:3      | Became a worshipper of the Shining One
  2832 | D:3      | Noticed Natasha
  2839 | D:3      | Killed Natasha
  2840 | D:3      | Reached skill level 2 in Spellcasting
  2856 | D:3      | Noticed Natasha
  2868 | D:3      | Killed Natasha
  2869 | D:3      | Reached XP level 6. HP: 25/48 MP: 9/9
  3056 | D:3      | Noticed Natasha
  3134 | D:3      | Killed Natasha
  3135 | D:3      | Reached skill level 2 in Dodging
  3143 | D:3      | Found the +2 ratskin cloak {*Rats rPois rN+ Str-1 Int-1
                  | Dex+1}
  3461 | D:3      | Killed Pargi
  3720 | D:4      | Noticed an ogre
  3739 | D:4      | Killed an ogre
  3740 | D:4      | Reached skill level 5 in Shields
  3740 | D:4      | Reached XP level 7. HP: 55/55 MP: 11/11
  3831 | D:4      | Found Kaylau's Distillery.
  3848 | D:4      | Bought a potion of heal wounds for 50 gold pieces
  3937 | D:4      | You add the spells Manifold Assault and Storm Form to your
                  | library.
  4010 | D:4      | Reached skill level 3 in Spellcasting
  4010 | D:4      | Reached skill level 1 in Invocations
  4204 | D:4      | Found a hazy altar of Hepliaklqana.
  4205 | D:4      | Noticed Blork the orc
  4210 | D:4      | Killed Blork the orc
  4211 | D:4      | Found a faded altar of an unknown god.
  4408 | D:5      | Entered Level 5 of the Dungeon
  4416 | D:5      | Noticed Ijyb
  4428 | D:5      | Killed Ijyb
  4429 | D:5      | Reached skill level 5 in Fighting
  4434 | D:5      | Reached skill level 5 in Armour
  4489 | D:5      | Reached skill level 2 in Invocations
  4489 | D:5      | Reached XP level 8. HP: 58/62 MP: 13/13
  4573 | D:5      | Reached skill level 3 in Dodging
  4583 | D:5      | Found an iron altar of Okawaru.
  4584 | D:5      | Noticed a shadow
  4599 | D:5      | Killed a shadow
  4861 | D:5      | Reached skill level 6 in Shields
  5040 | D:5      | You pick up a book of Dreams and begin reading...
  5040 | D:5      | You add the spells Ensorcelled Hibernation, Spider Form and
                  | Anguish to your library.
  5094 | D:5      | Noticed Grinder
  5112 | D:5      | Killed Grinder
  5113 | D:5      | Reached skill level 4 in Spellcasting
  5113 | D:5      | Reached skill level 3 in Invocations
  5203 | D:5      | Found a shimmering blue altar of Sif Muna.
  5310 | D:5      | Found a stormy altar of Qazlal.
  5311 | D:5      | Found an opulent altar of Gozag.
  5511 | D:6      | Found a staircase to the Ecumenical Temple.
  5706 | D:6      | Reached XP level 9. HP: 41/69 MP: 15/15
  5885 | D:6      | Reached skill level 6 in Fighting
  5889 | D:6      | Reached skill level 6 in Armour
  5889 | D:6      | Reached skill level 4 in Invocations
  5891 | D:6      | Reached skill level 4 in Dodging
  6749 | D:7      | Reached skill level 7 in Shields
  7019 | D:7      | Reached * piety under the Shining One
  7061 | D:7      | HP: 16/69 [wight/+0 halberd (10)]
  7382 | D:7      | Identified the +5 flail of the Crawling Thing {speed,
                  | rPois}
  7634 | D:7      | Reached skill level 5 in Spellcasting
  7796 | D:7      | Found an ornate altar of the Wu Jian Council.
  7808 | D:7      | Reached skill level 5 in Invocations
  7812 | D:7      | Reached XP level 10. HP: 77/77 MP: 17/17
  8577 | D:8      | Reached skill level 7 in Fighting
  8818 | D:8      | Reached skill level 7 in Armour
  8881 | D:8      | Reached skill level 5 in Dodging
  9837 | D:8      | Reached skill level 8 in Shields
  9837 | D:8      | Reached skill level 6 in Invocations
 10019 | D:8      | Reached ** piety under the Shining One
 10019 | D:8      | Noticed Grum
 10051 | D:8      | Killed Grum
 10179 | D:8      | Found a bloodstained altar of Trog.
 10231 | D:8      | You pick up a book of Iron and begin reading...
 10231 | D:8      | You add the spells Animate Armour, Blade Hands and Iron
                  | Shot to your library.
 10371 | D:8      | Reached skill level 6 in Spellcasting
 10758 | D:8      | Noticed a komodo dragon
 10765 | D:8      | Killed a komodo dragon
 11120 | D:8      | Reached XP level 11. HP: 42/86 MP: 20/20
 11133 | D:8      | HP: 19/86 [wyvern (7)]
 11136 | D:8      | HP: 8/86 [wyvern (12)]
 11494 | D:8      | HP: 16/86 [acid dragon/splash of acid (15)]
 11497 | D:8      | HP: 2/86 [acid dragon/splash of acid (12)]
 11501 | D:8      | Killed from afar by an acid dragon

Vanquished Creatures
  A komodo dragon (D:8)
  A troll (D:8)
  Grinder (D:5)
  A shadow (D:5)
  4 yaks (D:8)
  2 wyverns (D:8)
  2 steam dragons (D:6)
  Grum (D:8)
  A basilisk (D:8)
  3 vampire mosquitoes (D:7)
  A water moccasin (D:6)
  Pargi (D:3)
  2 orc warriors (D:8)
  3 ogres
  An ice beast (D:7)
  2 centaurs
  3 wolves (D:8)
  Blork the orc (D:4)
  A kobold brigand (D:7)
  3 bullfrogs
  3 gnoll sergeants
  A scorpion (D:5)
  6 killer bees (D:8)
  6 wights (D:7)
  2 jellies
  4 hounds
  2 orc priests
  A gnoll shaman (D:7)
  Ijyb (D:5)
  Natasha (thrice) (D:3)
  2 iguanas (D:6)
  An orc wizard (D:8)
  19 gnolls
  10 adders
  A shadow imp (D:7)
  A white imp (D:8)
  An ufetubus (D:7)
  3 worms
  3 dart slugs
  15 orcs
  2 bats
  13 endoplasms
  A giant cockroach (D:4)
  11 hobgoblins
  3 jackals (D:1)
  17 kobolds
  6 quokkas
  2 ball pythons
  A frilled lizard (D:2)
  6 goblins
  7 rats
189 creatures vanquished.

Vanquished Creatures (collateral kills)
  A scorpion (D:6)
  A wight (D:7)
2 creatures vanquished.

Grand Total: 191 creatures vanquished

Table legend:
 A = Non-vault XP
 B = Vault XP
 C = Vault XP percentage of total XP
 D = Non-vault monster count
 E = Vault monster count
 F = Vault count percentage of total count
                 A         B        C        D         E       F
            +---------+---------+-------+---------+---------+-------
      Total |    6134 |    2102 |  25.5 |     166 |      25 |  13.1
            +---------+---------+-------+---------+---------+-------
        D:1 |      44 |       0 |   0.0 |      25 |       0 |   0.0
        D:2 |     105 |      21 |  16.7 |      22 |       6 |  21.4
        D:3 |     114 |     180 |  61.2 |      11 |       8 |  42.1
        D:4 |     270 |     100 |  27.0 |      13 |       1 |   7.1
        D:5 |     694 |     313 |  31.1 |      11 |       2 |  15.4
        D:6 |     983 |       0 |   0.0 |      12 |       0 |   0.0
        D:7 |    1438 |       0 |   0.0 |      32 |       0 |   0.0
        D:8 |    2486 |    1488 |  37.4 |      40 |       8 |  16.7
            +---------+---------+-------+---------+---------+-------

Illustrated notes

Table legend:
 A = Kills in this place as a percentage of kills in entire the game.
 B = Kills by you in this place as a percentage of kills by you in the entire game.
 C = Kills by friends in this place as a percentage of kills by friends in the entire game.
 D = Other kills in this place as a percentage of other kills in the entire game.
 E = Experience gained in this place as a percentage of experience gained in the entire game.
 F = Experience gained in this place divided by the number of levels of this place that you have seen.
                   A       B       C       D       E      F
               +-------+-------+-------+-------+-------+----------------------
         Total | 100.0 | 100.0 | 100.0 |   N/A | 100.0 | 1029.5
       Dungeon | 100.0 | 100.0 | 100.0 |   N/A | 100.0 | 1029.5
               +-------+-------+-------+-------+-------+----------------------

Table legend: (Time is in decaauts)
 A = Elapsed time spent in this place.
 B = Non-inter-level travel time spent in this place.
 C = Inter-level travel time spent in this place.
 D = Time resting spent in this place.
 E = Time spent auto-exploring this place.
 F = Levels seen in this place.
 G = Mean time per level.
                   A        B        C        D        E       F      G
               +--------+--------+--------+--------+--------+-----+--------+
         Total |  11654 |  11214 |    440 |   1250 |   7423 |   8 | 1456.8 |
       Dungeon |  11654 |  11214 |    440 |   1250 |   7423 |   8 | 1456.8 |
               +--------+--------+--------+--------+--------+-----+--------+

Top non-repeatable levels by time:
     D:8: 2590 daAuts
     D:7: 1897 daAuts
     D:2: 1690 daAuts
     D:6: 1657 daAuts
     D:3: 1102 daAuts
     D:1: 1039 daAuts
     D:5: 976 daAuts
     D:4: 699 daAuts
